AoeStats
← The Crusader

Arabia

510325333Analyzed
1v1 RM · 1d ago on Sep 30, 2026· 36m 45s· 2 players
Game mode
Random Map
Map size
Tiny (2 player)
Population
200
Speed
Normal
Resources
Standard
Victory
Conquest
Starting age
Dark Age
Ending age
Imperial Age
RankedLock teamsTeams togetherTeam positionsShared explorationLock speedFull tech treeHidden civsTurbo modeCheats
Victory
Defeat
🇹🇼 Vikings · Taiwan
1726
+18
🇺🇸 Bengalis · United States
1767
-18
tovra fans
6:58 Loom
9:10 Feudal Age
9:20 Man-at-Arms
10:29 Double-Bit Axe
13:32 Fletching
19:57 Castle Age
19:23 Gold Mining
19:14 Horse Collar
20:09 Padded Archer Armor
20:35 Bodkin Arrow
20:01 Crossbowman
24:20 Town Watch
29:36 Ballistics
31:02 Leather Archer Armor
36:23 Imperial Age
37:24 Bracer
38:25 Chemistry
The Crusader
6:25 Loom
8:50 Feudal Age
10:18 Double-Bit Axe
11:56 Horse Collar
14:17 Fletching
21:30 Castle Age
20:45 Bloodlines
20:52 Gold Mining
23:46 Husbandry
23:50 Padded Archer Armor
25:39 Leather Archer Armor
Connection lost

Rejoining the realm…

Still unreachable

The connection could not be restored.

Session expired

The server has moved on; the page needs a fresh start.